 Dungeon Crawl Stone Soup version 0.29-a0-72-g1732ff48e7 (webtiles) character file.

Game seed: 12373656388445687142

16 enile the Ducker (level 2, -1/12 HPs)
             Began as a Felid Transmuter on Feb 3, 2022.
             Slain by a goblin (3 damage)
             ... on level 1 of the Dungeon.
             The game lasted 00:00:58 (425 turns).

enile the Ducker (Felid Transmuter)                  Turns: 425, Time: 00:00:58

Health: -1/12      AC:  1    Str:  6    XL:     2   Next: 41%
Magic:  4/6        EV: 18    Int: 14    God:
Gold:   20         SH:  0    Dex: 16    Spells: 4/5 levels left
                                        Lives:  0   Deaths: 0

rFire   . . .      SeeInvis +     - Unarmed
rCold   . . .      Faith    .   (shield unavailable)
rNeg    . . .      Spirit   .   (armour unavailable)
rPois   .          Reflect  .   (helmet unavailable)
rElec   .          Harm     .   (cloak unavailable)
rCorr   .          Rampage  .   (gloves unavailable)
Will    .....                   (boots unavailable)
Stlth   ++........              (no amulet)
HPRegen 0.04/turn               (no ring)
MPRegen 0.10/turn               (no ring)

@: appendages, quick
A: horns 2, very small, claws 1, fangs 3, see invisible, speed 1, shaggy fur 1,
stealthy paws, no weapons or thrown items, no armour, multi-lived
a: End Transformation


You were on level 1 of the Dungeon.
You had temporarily grown beastly horns.
You visited 1 branch of the dungeon, and saw 1 of its levels.

You collected 20 gold pieces.

Inventory:

Scrolls
 a - a scroll of identify {unknown}
 b - a scroll of immolation {unknown}


   Skills:
 - Level 1.0 Fighting
 - Level 4.0 Dodging
 + Level 1.1 Stealth
 - Level 3.0 Unarmed Combat
 - Level 2.0 Spellcasting
 - Level 2.1 Transmutations


You had 4 spell levels left.
You knew the following spells:

 Your Spells              Type           Power      Damage    Failure   Level
a - Beastly Appendage     Tmut           14%        N/A       10%         1

Your spell library contained the following spells:

 Spells                   Type           Power      Damage    Failure   Level
 Wereblood                Tmut           7%         N/A       14%         2
 Spider Form              Tmut/Pois      4%         N/A       41%         3
 Ice Form                 Ice/Tmut       4%         N/A       83%         4


Dungeon Overview and Level Annotations

Branches:
Dungeon (1/15)

Altars:


Innate Abilities, Weirdness & Mutations

You have temporarily grown beastly horns.
You have sharp claws.
You have razor-sharp teeth.
You have supernaturally acute eyesight. (SInv)
You cover ground quickly. (Speed+)
You are covered in fur. (AC +1)
Your paws help you pounce on unaware monsters.
You are incapable of wielding weapons or throwing items.
You cannot wear armour.
You gain extra lives every three experience levels.


Message History

Your transformation is almost over.
Found a robe.
A kobold comes into view. It is wielding a +0 short sword.
A kobold is nearby!
Casting: Beastly Appendage (safe; 10% risk of failure)
Confirm with . or Enter, or press ? or * to list all spells.
You miscast Beastly Appendage.
You are very lightly contaminated with residual magic.
Nothing appears to happen. 2 kobolds come into view.
Found a gnarled jewelled staff.
Your horns disappear.
The kobold shouts!
The kobold throws a stone.
The stone closely misses you.
A goblin comes into view. It is wielding a +0 dagger.
The goblin shouts!
The kobold shouts!
The kobold hits you with a +0 short sword.
You hear a shout!
Casting: Beastly Appendage (safe; 10% risk of failure)
Confirm with . or Enter, or press ? or * to list all spells.
You grow a pair of large bovine horns.
The kobold misses you.
The kobold hits you with a +0 short sword.
The kobold hits you but does no damage.
Your magical contamination has completely faded away.
A kobold comes into view. It is wielding a +0 dagger.
Casting: Beastly Appendage (safe; 10% risk of failure)
Confirm with . or Enter, or press ? or * to list all spells.
You extend your transformation's duration.
The kobold closely misses you.
You barely miss the kobold.
The kobold hits you with a +0 short sword.
* * * LOW HITPOINT WARNING * * *
You scratch the kobold.
You kill the kobold!
The kobold throws a stone.
The stone hits you but does no damage.
Your Stealth skill increases to level 1!
You scratch the goblin.
The goblin is severely wounded.
The goblin hits you with a +0 dagger.
You die...

#..###†# #####..# #..
### ###......###..
....#####.....#......#
...[......###......#.#
#.......# #.######.#
######..###.# #..
#.#######......# ##.
#.....@gK....### #.
#.######.....# #.
#.....# #. ####...#.#
#. #.....###.# #.
.###....## #.. #.
#........[# ### #.
#.#####.K..# #.
#....... #.


You could see a goblin and a kobold.

Vanquished Creatures
  4 endoplasms (D:1)
  3 giant cockroaches (D:1)
  2 hobgoblins (D:1)
  A kobold (D:1)
  4 rats (D:1)
14 creatures vanquished.

Notes
Turn   | Place    | Note
-------+----------+-------------------------------------------
     0 | D:1      | enile the Felid Transmuter began the quest for the Orb.
     0 | D:1      | Reached XP level 1. HP: 9/9 MP: 4/4
     8 | D:1      | Reached skill level 3 in Dodging
   223 | D:1      | Reached XP level 2. HP: 9/12 MP: 4/6
   342 | D:1      | Reached skill level 4 in Dodging
   425 | D:1      | Reached skill level 1 in Stealth
   425 | D:1      | Slain by a goblin

Illustrated notes

Levels and vault maps discovered:
D:1:      dpeg_arrival_prison, layout_loops_ring, serial_shops, shop

Skill      XL: |  1  2 |
---------------+-------+-----
Dodging        | 3 4 |  4.0
Stealth        | 1 |  1.1
Fighting       | |  1.0
Unarmed Combat | |  3.0
Spellcasting   | |  2.0
Transmutations | |  2.1

Action                   || total
-------------------------++-------
Melee: Unarmed           ||    21
       Headbutt          ||     4
       Bite              ||     2
       Punch             ||     1
 Cast: Beastly Appendage ||    12
 Stab: Sleeping          ||     1
Armor: Skin              ||     4
Dodge: Dodged            ||    12

Table legend: (Time is in decaauts)
 A = Elapsed time spent in this place.
 B = Non-inter-level travel time spent in this place.
 C = Inter-level travel time spent in this place.
 D = Time resting spent in this place.
 E = Time spent auto-exploring this place.
 F = Levels seen in this place.
 G = Mean time per level.
                   A        B        C        D        E       F      G
               +--------+--------+--------+--------+--------+-----+--------+
         Total |    396 |    396 |      0 |      0 |    312 |   1 |  396.0 |
       Dungeon |    396 |    396 |      0 |      0 |    312 |   1 |  396.0 |
               +--------+--------+--------+--------+--------+-----+--------+

Top non-repeatable levels by time:
     D:1: 396 daAuts
